AoeStats
← thedude975

Oasis

507504896Analyzed
3v3 RM · 12d ago on Sep 18, 2026· 57m 50s· 6 players
Game mode
Random Map
Map size
Normal (6 player)
Population
200
Speed
Normal
Resources
Standard
Victory
Conquest
Starting age
Dark Age
Ending age
Imperial Age
RankedLock teamsTeams togetherTeam positionsShared explorationLock speedFull tech treeHidden civsTurbo modeCheats
Victory
Defeat
🇩🇪 Franks · Germany
1094
+15
🇩🇪 Spanish · Germany
1066
+16
🇩🇪 Bohemians · Germany
987
+19
🇭🇷 Dravidians · Croatia
1111
-19
🇬🇧 Teutons · United Kingdom
1057
-16
🇩🇪 Ethiopians · Germany
1034
-15
Benjings
10:54 Feudal Age
11:50 Horse Collar
11:58 Double-Bit Axe
16:07 Castle Age
17:44 Heavy Plow
18:45 Bow Saw
19:45 Wheelbarrow
24:21 Hand Cart
24:28 Hand Cart
24:07 Loom
28:04 Scale Mail Armor
33:02 Imperial Age
32:01 Chain Mail Armor
31:37 Fletching
35:02 Two-Man Saw
35:31 Chemistry
34:52 Ballistics
34:38 Siege Engineers
34:52 Fortified Wall
34:17 Heavy Scorpion
34:54 Bodkin Arrow
35:30 Plate Mail Armor
36:02 Elite Teutonic Knight
37:19 Forging
41:04 Iron Casting
44:36 Caravan
49:21 Blast Furnace
Heroc
2:48 Loom
10:52 Feudal Age
14:22 Double-Bit Axe
18:08 Castle Age
17:43 Fletching
18:13 Crossbowman
20:14 Bodkin Arrow
28:00 Padded Archer Armor
28:02 Scale Mail Armor
28:12 Forging
28:29 Ballistics
33:42 Chain Mail Armor
37:14 Imperial Age
36:35 Bow Saw
42:20 Capped Ram
44:31 Gold Mining
46:07 Arbalester
48:07 Wheelbarrow
51:09 Halberdier
53:14 Iron Casting
55:13 Bracer
Brüno
10:23 Feudal Age
10:54 Horse Collar
11:06 Double-Bit Axe
11:40 Loom
17:30 Castle Age
15:28 Double-Bit Axe
18:42 Wheelbarrow
18:28 Bow Saw
25:32 Fletching
27:19 Heavy Plow
30:36 Hand Cart
33:15 Imperial Age
31:10 Bodkin Arrow
31:15 Padded Archer Armor
31:20 Gold Mining
34:10 Bracer
35:47 Thumb Ring
36:49 Hoardings
36:58 Leather Archer Armor
37:07 Hand Cart
36:37 Town Watch
39:09 Ring Archer Armor
40:55 Wootz Steel
40:56 Conscription
40:00 Pikeman
40:42 Squires
40:28 Arson
40:58 Halberdier
41:27 Arson
42:15 Elite Elephant Archer
42:22 Elite Skirmisher
43:32 Forging
43:23 Scale Mail Armor
44:49 Two-Man Saw
45:09 Iron Casting
46:08 Chemistry
49:09 Chain Mail Armor
49:55 Blast Furnace
53:29 Plate Mail Armor
52:25 Elite Elephant Archer
Mac´nMax
12:16 Feudal Age
18:39 Castle Age
23:04 Scale Barding Armor
24:14 Double-Bit Axe
26:58 Loom
32:26 Wheelbarrow
33:11 Fletching
39:20 Imperial Age
36:38 Town Watch
37:18 Bow Saw
39:45 Chain Barding Armor
39:44 Hand Cart
42:35 Plate Barding Armor
41:56 Bodkin Arrow
42:12 Forging
41:27 Cavalier
42:48 Husbandry
43:41 Gold Mining
43:44 Stone Mining
46:15 Caravan
47:34 Paladin
48:44 Siege Engineers
48:35 Murder Holes
49:00 Ballistics
48:51 Masonry
49:35 Conscription
52:32 Iron Casting
54:00 Chemistry
53:31 Architecture
54:17 Gold Shaft Mining
55:47 Elite Throwing Axeman
56:47 #83
57:07 Hoardings
57:29 Hoardings
Schlaffe Biene
10:49 Feudal Age
9:11 Loom
10:58 Feudal Age
15:50 Castle Age
17:36 Double-Bit Axe
23:55 Wheelbarrow
23:11 Horse Collar
23:50 Town Watch
25:15 Hand Cart
28:30 Bow Saw
28:25 Heavy Plow
29:46 Chemistry
29:14 Ballistics
29:53 Squires
29:14 Pikeman
30:53 Fletching
31:05 Scale Mail Armor
31:41 Elite Skirmisher
35:37 Imperial Age
35:34 Husbandry
35:35 Bodkin Arrow
36:44 Halberdier
38:13 Bracer
38:25 Forging
38:31 Chain Mail Armor
38:37 Elite Hussite Wagon
41:25 Conscription
41:13 Wagenburg Tactics
43:11 Caravan
46:21 Siege Engineers
45:41 Houfnice
54:10 Two-Man Saw
58:15 Padded Archer Armor
58:46 Plate Mail Armor
58:51 Iron Casting
thedude975
10:45 Feudal Age
14:54 Castle Age
14:50 Double-Bit Axe
14:48 Horse Collar
17:01 Loom
19:44 Bow Saw
23:45 Padded Archer Armor
23:41 Elite Skirmisher
26:20 Wheelbarrow
26:15 Heavy Plow
27:05 Leather Archer Armor
26:41 Fletching
28:01 Hand Cart
30:14 Ballistics
30:13 Bodkin Arrow
33:24 Imperial Age
32:36 Thumb Ring
32:49 Gold Mining
32:54 Stone Mining
34:36 Town Watch
34:57 Bracer
36:03 Ring Archer Armor
36:39 Chemistry
35:50 Masonry
36:01 Guilds
37:21 Two-Man Saw
37:34 Hoardings
37:04 Town Patrol
38:05 Caravan
38:41 Coinage
39:11 Supremacy
39:11 Conscription
43:11 Bloodlines
43:02 Husbandry
44:58 Banking
44:26 Cavalier
46:39 Scale Barding Armor
46:44 Forging
47:08 Paladin
49:15 Chain Barding Armor
49:31 Iron Casting
49:45 Elite Conquistador
Connection lost

Rejoining the realm…

Still unreachable

The connection could not be restored.

Session expired

The server has moved on; the page needs a fresh start.